 Dungeon Crawl Stone Soup version 0.28.0-47-ge53b351184 (webtiles) character file.

Game seed: 4608136994845628210

12 Exodus22XD the Skirmisher (level 2, 27/27 HPs)
             Began as a Minotaur Fighter on May 7, 2022.
             Was an Initiate of Ashenzari.
             Quit the game on level 1 of the Dungeon.
             The game lasted 00:00:59 (362 turns).

Exodus22XD the Skirmisher (Minotaur Fighter)         Turns: 362, Time: 00:01:00

Health: 27/27      AC:  7    Str: 20    XL:     2   Next: 20%
Magic:  1/1        EV:  9    Int:  5    God:    Ashenzari [......]
Gold:   37         SH:  4    Dex:  9    Spells: 1/1 levels left

rFire   . . .      SeeInvis .   a - +0 war axe
rCold   . . .      Faith    .   c - +0 buckler
rNeg    . . .      Spirit   .   b - +0 scale mail
rPois   .          Reflect  .   (helmet restricted)
rElec   .          Harm     .   (no cloak)
rCorr   .          Rampage  .   (no gloves)
Will    .....                   (no boots)
Stlth   ..........              (no amulet)
HPRegen 0.09/turn               (no ring)
MPRegen 0.07/turn               (no ring)

@: no status effects
A: horns 2, retaliatory headbutt
a: Renounce Religion, Curse Item


You were on level 1 of the Dungeon.
You worshipped Ashenzari.
Ashenzari was noncommittal.
You visited 1 branch of the dungeon, and saw 1 of its levels.

You collected 37 gold pieces.

Inventory:

Hand Weapons
 a - a +0 war axe (weapon)
Armour
 b - a +0 scale mail (worn)
 c - a +0 buckler (worn)
Scrolls
 e - a scroll of fear {unknown}
Potions
 d - a potion of might
 f - a potion of cancellation {unknown}


   Skills:
 + Level 3.9 Fighting
 + Level 2.5 Axes
 + Level 3.9 Armour
 + Level 3.9 Shields


You had one spell level left.
You didn't know any spells.
Your spell library was empty.

Dungeon Overview and Level Annotations

Branches:
Dungeon (1/15)

Altars:
Ashenzari


Innate Abilities, Weirdness & Mutations

You have a pair of horns on your head.
You reflexively headbutt those who attack you in melee.


Message History

You kill the jackal!
You closely miss the jackal. The jackal closely misses you.
The jackal bites you but does no damage. x2
You block the bat's attack.
There are monsters nearby!
You slash the bat!
You kill the bat!
You hit the jackal but do no damage. You closely miss the jackal.
The jackal barely misses you. You furiously retaliate!
You headbutt the jackal.
The jackal barely misses you. x2; You furiously retaliate!
You headbutt the jackal.
You kill the jackal!
The jackal barely misses you. You furiously retaliate!
You headbutt the jackal, but do no damage.
The jackal bites you but does no damage.
You have reached level 2!
You slash the jackal!
You kill the jackal!
You slash the jackal!
You kill the jackal!
Unknown command.
No target in view!
There is a faded altar of an unknown god here.
You cannot tell which god this altar belongs to.
Convert to them anyway?
Okay, then.
You cannot tell which god this altar belongs to.
Convert to them anyway?
Ashenzari accepts your prayer! Ashenzari welcomes you!
Ashenzari warns you of distant threats and treasures.
Ashenzari reveals the structure of the dungeon to you.
Ashenzari shows you where magical portals lie.
Unknown command.
Press < or > to pray at altars.
Ashenzari invites you to partake of a vision and a curse of introspection and cunning.
Unknown command.
Unknown command.
HP restored.
You now have 37 gold pieces (gained 18).
An endoplasm comes into view.
The endoplasm quivers.
A ball python comes into view.
Are you sure you want to abandon this character and quit the game? (Confirm with "yes".)

......#######..#.######......#
...............#.....##....#.#
####......#.....#..##.##....#.##
.###..#...#######.###........†.##
.......)..........###.##..#.#...#
.................................
###....)...............#....###..
#.................#.#...### #.
#..........##.@####...#.# .
##..........##.......#...# .
#...........##.J..#.##.###
..................... ..
.....................#.
..........#.##..S......
..###.#.###.##.......... .. ..#.#
........... ## .#..#


You could see an endoplasm and a ball python.

Vanquished Creatures
  A giant cockroach (D:1)
  4 jackals (D:1)
  2 kobolds (D:1)
  A quokka (D:1)
  A ball python (D:1)
  A bat (D:1)
10 creatures vanquished.

Notes
Turn   | Place    | Note
-------+----------+-------------------------------------------
     0 | D:1      | Exodus22XD the Minotaur Fighter began the quest for the
                  | Orb.
     0 | D:1      | Reached XP level 1. HP: 19/19 MP: 0/0
   234 | D:1      | Found a faded altar of an unknown god.
   280 | D:1      | Reached XP level 2. HP: 23/27 MP: 1/1
   304 | D:1      | Prayed at the altar of an unknown god.
   304 | D:1      | Became a worshipper of Ashenzari the Shackled
   362 | D:1      | Quit the game

Illustrated notes

Levels and vault maps discovered:
D:1:      ebering_hopf_link, layout_rooms, chequers_ecumenical_altar_simple,
          serial_bayou_lagoon_a, minmay_split_cup_small

Action                   || total
-------------------------++-------
Melee: War axe           ||    21
       Headbutt          ||     2
Armor: Scale mail        ||    11
Dodge: Dodged            ||    17
Block: Buckler           ||     7
